 Dungeon Crawl Stone Soup version 0.28-b1-1-g3c77fb2ed1 (webtiles) character file.

Game seed: 11585152786988883268

35 zeram the Conjurer (level 3, 0/21 HPs)
             Began as an Octopode Conjurer on Jan 28, 2022.
             Succumbed to an adder's poison
             ... on level 2 of the Dungeon.
             The game lasted 00:01:56 (801 turns).

zeram the Conjurer (Octopode Conjurer)               Turns: 801, Time: 00:01:56

Health: 0/21       AC:  1    Str:  8    XL:     3   Next: 35%
Magic:  6/6        EV: 13    Int: 22    God:
Gold:   32         SH:  0    Dex: 10    Spells: 5/6 levels left

rFire   + . .      SeeInvis .   e - +0 dagger
rCold   . . .      Faith    .   (no shield)
rNeg    + . .      Spirit   .   (helmet restricted)
rPois   .          Reflect  .   (no amulet)
rElec   .          Harm     .   a - ring of Gaisug {Fly rF+ rN+ Str+2}
rCorr   .          Rampage  .   (no ring)
Will    .....                   (no ring)
Stlth   +++.......              (no ring)
HPRegen 0.07/turn               (no ring)
MPRegen 0.10/turn               (no ring)
                                (no ring)
                                (no ring)

@: brilliant, lethally poisoned (0 -> -1), flying
A: almost no armour, amphibious, 8 rings, camouflage 1, gelatinous body 1,
(nimble swimmer 1), tentacles
a: no special abilities


You were on level 2 of the Dungeon.
You visited 1 branch of the dungeon, and saw 2 of its levels.

You collected 32 gold pieces.

Inventory:

Hand Weapons
 e - a +0 dagger (weapon)
Jewellery
 a - the ring of Gaisug (left tentacle) {Fly rF+ rN+ Str+2}
   (You acquired it on level 1 of the Dungeon)

   [ring of positive energy]

   Str:       It affects your strength (+2).
   rF:        It protects you from fire.
   rN:        It protects you from negative energy.
   Fly:       It grants you flight.


   Skills:
 + Level 2.2 Dodging
 - Level 2.6 Stealth
 + Level 2.2 Spellcasting
 + Level 4.8 Conjurations


You had 5 spell levels left.
You knew the following spells:

 Your Spells              Type           Power      Damage    Failure   Level
a - Magic Dart            Conj           100%       1d8       1%          1

Your spell library contained the following spells:

 Spells                   Type           Power      Damage    Failure   Level
 Searing Ray              Conj           70%        2d7       2%          2
 Dazzling Flash           Conj/Hex       38%        N/A       16%         3
 Fulminant Prism          Conj/Hex       9%         3d7       45%         4
 Iskenderun's Mystic Bla  Conj/Tloc      19%        2d6       45%         4


Dungeon Overview and Level Annotations

Branches:
Dungeon (2/15)

Altars:


Innate Abilities, Weirdness & Mutations

You cannot wear most types of armour.
You are amphibious.
You can wear up to eight rings at the same time.
Your skin changes colour to match your surroundings (Stealth+).
Your rubbery body absorbs attacks. (AC +1, EV +1)
((You are camouflaged when in or above water. (Stealth+)))
You have tentacles for arms and can constrict up to eight enemies at once.


Message History

You hit the adder. Your grab misses the adder.
The adder is lightly wounded.
You feel sick. The adder bites you. x2
You hit the adder. You grab the adder.
The adder is moderately wounded.
You constrict the adder.
You feel sick. The adder barely misses you.
You hit the adder.
The adder is heavily wounded.
You constrict the adder.
You feel sick. The adder misses you.
You are too injured to fight recklessly!
You are too injured to fight recklessly!
You are too injured to fight recklessly!
You hit the adder but do no damage. You squeeze the adder.
The adder is severely wounded.
You constrict the adder.
You feel sick. The adder bites you.
* * * LOW HITPOINT WARNING * * *
You are lethally poisoned!
The adder poisons you! The adder closely misses you.
You hit the adder.
You kill the adder!
* * * LOW HITPOINT WARNING * * *
You feel sick.
It was a potion of brilliance.
You feel clever all of a sudden.
* * * LOW HITPOINT WARNING * * *
You feel sick.
As you read the scroll labelled PEJOARO HULUH, it crumbles to dust.
You hear a loud clanging noise!
It was a scroll of noise.
* * * LOW HITPOINT WARNING * * *
You feel sick.
You hear a shout! x2; You hear an angry hiss. x2; You hear a shout!
Unknown command.
Okay, then.
You aren't carrying any scrolls.
You aren't carrying any potions.
A hobgoblin comes into view.
* * * LOW HITPOINT WARNING * * *
You feel sick.
The hobgoblin moves out of view.
You die...

##########
#........#
#........#
#........#
#..).....#
#.†......#
#........# #
..g#.##...)....# .
.......@.##.####.#
.....######.####.#
..#. #......# ...
###....# #.
#..†##.# ##.##
#.### # #...# #.#
#...# #.#
.####...# ###.#


You could see a hobgoblin.

Vanquished Creatures
  An adder (D:2)
  2 endoplasms
  A giant cockroach (D:1)
  2 hobgoblins (D:1)
  3 kobolds
  5 ball pythons (D:1)
  6 bats
  A frilled lizard (D:1)
  A goblin (D:2)
  6 rats (D:1)
28 creatures vanquished.

Vanquished Creatures (others)
  2 fungi (D:1)
  4 plants (D:1)
6 creatures vanquished.

Grand Total: 34 creatures vanquished

Notes
Turn   | Place    | Note
-------+----------+-------------------------------------------
     0 | D:1      | zeram the Octopode Conjurer began the quest for the Orb.
     0 | D:1      | Reached XP level 1. HP: 11/11 MP: 3/3
   211 | D:1      | Reached XP level 2. HP: 17/17 MP: 5/5
   566 | D:1      | Found a faded altar of an unknown god.
   717 | D:1      | Identified a scroll of acquirement
   717 | D:1      | Acquired the ring of Gaisug {Fly rF+ rN+ Str+2}
   768 | D:2      | Reached XP level 3. HP: 20/21 MP: 6/6
   800 | D:2      | HP: 1/21 [poisoned by an adder]
   801 | D:2      | Succumbed to an adder's poison

Illustrated notes

Levels and vault maps discovered:
D:1:      lightli_arrival_boilingwater, layout_rooms,
          shapermc_ecumenical_altar_mp_urbaneastern, minivault_11
D:2:      layout_rooms

Action                   || total
-------------------------++-------
Melee: Unarmed           ||    24
       Tentacles         ||    17
       Constrict         ||    10
       Dagger            ||    16
 Cast: Magic Dart        ||    13
  Use: Scroll            ||     4
       Potion            ||     1
 Stab: Sleeping          ||     7
Armor: Skin              ||     1
Dodge: Dodged            ||    30
